 Dungeon Crawl Stone Soup version 0.31-a0-202-g547052bce9 (webtiles) character file.

Game seed: 2230963501352791740

495 qw the Skirmisher (level 6, -3/37 HPs)
             Began as a Deep Elf Hunter on June 26, 2023.
             Succumbed to a scorpion's poison
             ... on level 5 of the Dungeon.
             The game lasted 00:01:30 (2870 turns).

qw the Skirmisher (Deep Elf Hunter)                 Turns: 2870, Time: 00:01:31

Health: -3/37      AC:  7    Str: 14    XL:     6   Next: 92%
Magic:  8/8        EV: 12    Int: 14    God:
Gold:   177        SH:  0    Dex: 23    Spells: 5/5 levels left

rFire   . . .        Y - +1 shortbow
rCold   . . .        (shield currently unavailable)
rNeg    . . .        e - +0 ring mail of Bygrive {rElec Regen+ Dex+3}
rPois   .            d - +1 hat
rElec   +            (no cloak)
rCorr   .            j - +0 pair of gloves
SInv    +            (no boots)
Will    .....        c - amulet of the acrobat
Stlth   ++           h - +6 ring of strength
HPRegen 1.06/turn    k - ring of see invisible
MPRegen 0.11/turn

%: acrobat
@: lethally poisoned (-3 -> -15), about to teleport
A: no striking features
a: no special abilities


You were on level 5 of the Dungeon.
You visited 1 branch of the dungeon, and saw 5 of its levels.

You collected 177 gold pieces.


   Skills:
 - Level 3.2 Fighting
 + Level 9.7 Ranged Weapons
 - Level 3.2 Dodging
 - Level 1.2 Stealth


You had 5 spell levels left.
You didn't know any spells.
Your spell library was empty.

Inventory:

Hand Weapons
 Y - a +1 shortbow (weapon)
Armour
 d - a +1 hat (worn)
 e - the +0 ring mail of Bygrive (worn) {rElec Regen+ Dex+3}
   (You found it on level 3 of the Dungeon)

   Dex:       It affects your dexterity (+3).
   rElec:     It insulates you from electricity.
   Regen:     It increases your rate of health regeneration.
 j - a +0 pair of gloves (worn)
Jewellery
 c - an amulet of the acrobat (around neck)
 h - a +6 ring of strength (left hand)
 k - a ring of see invisible (right hand)
Scrolls
 a - a scroll of identify
 o - 2 scrolls of teleportation
Potions
 b - a potion of might
 g - a potion of cancellation
 i - a potion of lignification {unknown}
 l - a potion of enlightenment {unknown}
 m - a potion of ambrosia {unknown}
 q - a potion of brilliance {unknown}
 r - a potion of mutation {unknown}
 s - a potion of curing

Dungeon Overview and Level Annotations

Branches:
Dungeon (5/15)
 Temple: D:4-7

Altars:
Fedhas
Hepliaklqana
Trog
Vehumet

Annotations:
D:4 2 runed translucent doors, qw's ghost, amateur DEHu
D:5 Dowan; Duvessa


Message History

The arrow hits the scorpion but does no damage.
Dowan points at you and mumbles some strange words.
The puff of frost hits you.
You shoot an arrow. The arrow closely misses the scorpion.
You shoot an arrow. The arrow barely misses the scorpion.
The scorpion stings you.
You shoot an arrow.
The arrow hits Duvessa but does no damage.
The scorpion closely misses you. Duvessa barely misses you.
The scorpion stings you.
You are poisoned.
The scorpion poisons you! Duvessa misses you.
You shoot an arrow. The arrow barely misses Duvessa.
You feel very sick. The scorpion stings you.
You are more poisoned.
The scorpion poisons you!
Duvessa says, "Where magic fails, the sword succeeds!"
You shoot an arrow. The arrow hits Duvessa.
Duvessa is lightly wounded.
You feel very sick. The scorpion closely misses you.
Duvessa closely misses you.
You shoot an arrow. The arrow hits Duvessa.
Duvessa is moderately wounded.
You feel very sick. The scorpion misses you. Dowan closely misses you.
Duvessa closely misses you.
You shoot an arrow. The arrow hits Duvessa.
Duvessa is moderately wounded.
You feel very sick. The scorpion stings you.
You are lethally poisoned!
The scorpion poisons you! Duvessa misses you. Dowan hits you with a +0 dagger.
You shoot an arrow. The arrow closely misses Duvessa.
You feel very sick.
The scorpion barely misses you. x2; Duvessa closely misses you.
Dowan hits you with a +0 dagger.
2870 ||| READING 3 scrolls of teleportation.
As you read the scroll of teleportation, it crumbles to dust.
You feel strangely unstable.
You die...

.....>...###.#...##
.##................
.#...............# .
....#.##.........# ..
.####.##.........# ...
......##.........# ....
....####.........##.<...
.......#........ee......
....##.#........@s......
.<..# #.....####.!.....
....# ####### .......
....# ....... #####
...P... ....¤¤P ...P¤P.
P...¤¤.


You could see Duvessa, Dowan and a scorpion.

Vanquished Creatures
  Sigmund (D:4)
  An orc priest (D:4)
  A hound (D:5)
  A jelly (D:4)
  An iguana (D:4)
  Ijyb (D:3)
  8 adders
  3 worms
  5 dart slugs
  11 orcs
  4 ball pythons
  8 endoplasms
  3 giant cockroaches
  11 hobgoblins
  7 jackals
  7 kobolds
  2 quokkas
  6 bats
  A frilled lizard (D:1)
  5 goblins
  5 rats
92 creatures vanquished.

Notes
Turn   | Place    | Note
-------+----------+-------------------------------------------
     0 | D:1      | qw the Deep Elf Hunter began the quest for the Orb.
     0 | D:1      | Reached XP level 1. HP: 12/12 MP: 3/3
     0 | D:1      | 0 ||| qw: Version: 0.3-a-22-g0ed2b0b
     0 | D:1      | 0 ||| qw: Game counter: 5849
     0 | D:1      | 0 ||| qw: Melee chars always use a shield: true
     0 | D:1      | 0 ||| qw: God list: Okawaru
     0 | D:1      | 0 ||| qw: Allow faded altars: false
     0 | D:1      | 0 ||| qw: Do Orc after clearing Dungeon:15 true
     0 | D:1      | 0 ||| qw: Do second Lair branch before Depths: true
     0 | D:1      | 0 ||| qw: Lair rune preference: random
     0 | D:1      | 0 ||| qw: Goals: Normal
     0 | D:1      | 0 ||| PLANNING D:1-11
    83 | D:1      | Reached XP level 2. HP: 11/16 MP: 4/4
   118 | D:1      | Reached skill level 6 in Ranged Weapons
   553 | D:1      | 553 ||| UPGRADING to +1 hat.
   558 | D:1      | 558 ||| UPGRADING to +0 pair of gloves.
   563 | D:1      | 563 ||| UPGRADING to +6 ring of strength.
   564 | D:1      | 564 ||| UPGRADING to ring of see invisible.
   565 | D:1      | 565 ||| READING 2 scrolls labelled ITUDAY HURYDWU.
   566 | D:1      | 566 ||| READING scroll labelled BEMAIKOPOM.
   567 | D:1      | 567 ||| DROPPING scroll of butterflies.
   600 | D:2      | Reached XP level 3. HP: 20/20 MP: 5/5
   601 | D:2      | 601 ||| STAIRDANCE
   607 | D:1      | HP: 4/20 [frilled lizard (3)]
   696 | D:2      | 696 ||| STAIRDANCE
   743 | D:2      | Reached skill level 7 in Ranged Weapons
   808 | D:2      | Reached XP level 4. HP: 22/25 MP: 6/6
   808 | D:2      | 808 ||| FLEEEEING.
   809 | D:2      | 809 ||| FLEEEEING.
  1050 | D:2      | 1050 ||| UPGRADING to +0 scale mail.
  1060 | D:2      | 1060 ||| DROPPING +0 leather armour.
  1061 | D:2      | 1061 ||| DROPPING ring of flight.
  1062 | D:2      | 1062 ||| READING scroll labelled UPPOISHRUREFF.
  1063 | D:2      | 1063 ||| READING scroll labelled HYKITT CEPSA.
  1064 | D:2      | 1064 ||| READING scroll labelled CELAKAA QOZI.
  1069 | D:2      | 1069 ||| READING scroll labelled LAMPIVVURUH.
  1070 | D:2      | 1070 ||| READING 2 scrolls of identify.
  1070 | D:2      | 1070 ||| IDENTIFYING fizzy puce potion
  1072 | D:2      | 1072 ||| Stepping ~*~*~tactically~*~*~ (cloud).
  1079 | D:2      | HP: 6/25 [poisoned by you (poison gas)]
  1183 | D:3      | 1183 ||| STAIRDANCE
  1244 | D:2      | 1244 ||| UPGRADING to +0 ring mail.
  1254 | D:2      | 1254 ||| DROPPING +0 scale mail.
  1273 | D:3      | Identified the +0 ring mail of Bygrive {rElec Regen+ Dex+3}
  1458 | D:3      | Reached skill level 8 in Ranged Weapons
  1549 | D:3      | Found a blossoming altar of Fedhas.
  1621 | D:3      | Noticed Ijyb
  1633 | D:3      | Killed Ijyb
  1634 | D:3      | Reached XP level 5. HP: 10/29 MP: 7/7
  1716 | D:3      | Found a radiant altar of Vehumet.
  2020 | D:3      | 2020 ||| UPGRADING to +0 ring mail of Bygrive {rElec Regen+
                  | Dex+3}.
  2030 | D:3      | 2030 ||| DROPPING +0 ring mail.
  2031 | D:3      | 2031 ||| DROPPING ring of wizardry.
  2032 | D:3      | 2032 ||| READING scroll labelled OROGUINEWK.
  2033 | D:3      | 2033 ||| DRINKING 2 emerald potions.
  2034 | D:3      | 2034 ||| DRINKING 2 fizzy clear potions.
  2035 | D:3      | 2035 ||| READING 2 scrolls of identify.
  2035 | D:3      | 2035 ||| IDENTIFYING glowing blue potion
  2036 | D:3      | 2036 ||| DROPPING potion of magic.
  2116 | D:4      | Reached skill level 3 in Dodging
  2167 | D:4      | Noticed Sigmund
  2173 | D:4      | Reached skill level 9 in Ranged Weapons
  2183 | D:4      | HP: 5/29 [Sigmund/magic dart (6)]
  2184 | D:4      | 2184 ||| DRINKING potion of heal wounds.
  2188 | D:4      | 2188 ||| FLEEEEING.
  2193 | D:4      | Killed Sigmund
  2194 | D:4      | Reached skill level 3 in Fighting
  2194 | D:4      | Reached XP level 6. HP: 20/37 MP: 8/8
  2267 | D:4      | 2267 ||| FLEEEEING.
  2268 | D:4      | 2268 ||| FLEEEEING.
  2349 | D:4      | 2349 ||| Stepping ~*~*~tactically~*~*~ (outnumbered).
  2597 | D:4      | Found a large runed translucent door.
  2597 | D:4      | Found a large runed translucent door.
  2668 | D:4      | Noticed qw's ghost (amateur DEHu)
  2688 | D:4      | Found a bloodstained altar of Trog.
  2783 | D:4      | 2783 ||| UPGRADING to amulet of the acrobat.
  2788 | D:4      | 2788 ||| READING scroll labelled JIRHUSTEIROD.
  2804 | D:4      | 2804 ||| READING scroll labelled PUHUJENIBB.
  2805 | D:4      | 2805 ||| READING scroll labelled WIUS WANE MOLE.
  2820 | D:5      | Entered Level 5 of the Dungeon
  2857 | D:5      | Found a hazy altar of Hepliaklqana.
  2857 | D:5      | Noticed Duvessa
  2858 | D:5      | Noticed Dowan
  2869 | D:5      | HP: 7/37 [poisoned by a scorpion]
  2869 | D:5      | HP: 1/37 [Dowan/+0 dagger (6)]
  2870 | D:5      | 2870 ||| READING 3 scrolls of teleportation.
  2870 | D:5      | Succumbed to a scorpion's poison

Levels and vault maps discovered:
D:1:      dpeg_arrival_round_b, layout_basic
D:2:      layout_rooms, hangedman_abyss_or_decor_lesser_grid
D:3:      layout_rooms, mainiacjoe_overflow_brackets,
          mainiacjoe_overflow_boulevard, serial_forest,
          infiniplex_forest_clump_diagonal, infiniplex_forest_end_2,
          infiniplex_forest_lined_corner, infiniplex_forest_pool,
          infiniplex_forest_lined_1, infiniplex_forest_fountain,
          infiniplex_forest_end_3, infiniplex_forest_clump_curved,
          minmay_misc_feat_rugged, serial_bayou_pond_a, uniq_ijyb
D:4:      layout_loops_ring, bloody_trog, ebering_ghost_disaster_area,
          minivault_14, hangedman_abyss_or_decor_stabs, uniq_sigmund
D:5:      layout_basic, nicolae_hepliaklqana_hazy_memory,
          nicolae_uskayaw_en_pointe, corexii_shack, uniq_duvessa

Skill      XL: |  1  2  3  4  5 |
---------------+----------------+-----
Ranged Weapons | 6 7 8 9 |  9.7
Dodging        | 3 |  3.2
Fighting       | 3 |  3.2
Stealth        | |  1.2

Action                     |  1- 3 |  4- 6 || total
---------------------------+-------+-------++-------
   Fire: Shortbow          |   108 |   200 ||   308
    Use: Scroll            |     2 |    11 ||    13
         Potion            |       |     3 ||     3
 Armour: Leather armour    |    37 |       ||    37
         Scale mail        |       |    15 ||    15
         Ring mail         |       |    15 ||    15
  Dodge: Dodged            |    75 |    70 ||   145

Table legend:
 A = Non-vault XP
 B = Vault XP
 C = Vault XP percentage of total XP
 D = Non-vault monster count
 E = Vault monster count
 F = Vault count percentage of total count
                 A         B        C        D         E       F
            +---------+---------+-------+---------+---------+-------
      Total |     446 |     262 |  37.0 |      90 |       2 |   2.2
            +---------+---------+-------+---------+---------+-------
        D:1 |      39 |       0 |   0.0 |      22 |       0 |   0.0
        D:2 |      71 |       0 |   0.0 |      24 |       0 |   0.0
        D:3 |      80 |      36 |  31.0 |      19 |       1 |   5.0
        D:4 |     199 |     226 |  53.2 |      23 |       1 |   4.2
        D:5 |      57 |       0 |   0.0 |       2 |       0 |   0.0
            +---------+---------+-------+---------+---------+-------
